 Dungeon Crawl Stone Soup version 0.29.0-4-gdea44cf6ec (webtiles) character file.

Game seed: 13794228398225155054

441 qw the Chopper (level 7, 0/41 HPs)
             Began as a Tengu Warper on Aug 28, 2022.
             Succumbed to a water moccasin's poison
             ... on level 4 of the Dungeon.
             The game lasted 00:00:30 (4345 turns).

qw the Chopper (Tengu Warper)                       Turns: 4345, Time: 00:00:31

Health: 0/41       AC: 10    Str: 12    XL:     7   Next: 2%
Magic:  11/11      EV:  7    Int: 13    God:
Gold:   176        SH:  4    Dex: 17    Spells: 10/10 levels left

rFire   . . .      SeeInvis .   Y - +0 hand axe
rCold   . . .      Faith    .   (no shield)
rNeg    . . .      Spirit   .   b - +0 chain mail
rPois   .          Reflect  .   (helmet restricted)
rElec   .          Harm     .   (no cloak)
rCorr   .          Rampage  .   o - +1 Delatra's gloves {ID++}
Will    .....      Clarity  +   (boots unavailable)
Stlth   ..........              (no amulet)
HPRegen 0.13/turn               (no ring)
MPRegen 0.12/turn               (no ring)

@: brilliant, lethally poisoned (0 -> -4), flying quickly and evasively, hasted,
very quick
A: beak, talons 3, nimble flight, large bone plates 1, agile 1, clarity,
MP-powered wands
a: no special abilities


You were on level 4 of the Dungeon.
You visited 1 branch of the dungeon, and saw 4 of its levels.

You collected 176 gold pieces.


Innate Abilities, Weirdness & Mutations

You have a beak for a mouth.
You have claws for feet.
Your magical nature lets you fly swiftly and evasively.
You are partially covered in large bone plates. (SH +4)
You are agile. (Dex +4, Str/Int -1)
You possess an exceptional clarity of mind.
You expend magic power (3 MP) to strengthen your wands.


   Skills:
 - Level 3.4 Fighting
 + Level 7.0 Axes
 - Level 1.0 Throwing
 - Level 2.3 Armour
 - Level 2.1 Dodging
 - Level 2.0 Spellcasting
 - Level 2.4 Translocations


You had 10 spell levels left.
You didn't know any spells.
Your spell library contained the following spells:

 Spells                   Type           Power      Damage    Failure   Level
 Blink                    Tloc           22%        N/A       99%         2
 Gell's Gravitas          Tloc           11%        N/A       100%        3
 Lesser Beckoning         Tloc           11%        N/A       100%        3
 Teleport Other           Tloc           11%        N/A       100%        3
 Manifold Assault         Tloc           11%        N/A       100%        5

Inventory:

Hand Weapons
 n - a +0 flail
 Y - a +0 hand axe (weapon)
Missiles
 i - 3 boomerangs (quivered)
Armour
 b - a +0 chain mail (worn)
 o - the +1 Delatra's gloves (worn) {ID++}
   (You found it on level 3 of the Dungeon)

   It heals its wearer when they drink unknown potions.
   It restores its wearer's MP when they read unknown scrolls.
Potions
 e - a potion of haste
 f - a potion of ambrosia {unknown}
 h - 2 potions of might
 j - a potion of mutation
 k - a potion of invisibility {unknown}

Dungeon Overview and Level Annotations

Branches:
Dungeon (4/15)
 Temple: D:4-7

Altars:


Message History

The water moccasin is severely wounded.
You closely miss the orc wizard.
You feel sick.
The water moccasin bites you but does no damage.
You hit the water moccasin. You claw the water moccasin.
The water moccasin is almost dead.
You hit the orc wizard.
You feel sick.
You hit the water moccasin.
You kill the water moccasin!
You hit the orc but do no damage.
You feel sick.
Your Fighting skill increases to level 3!
You have reached level 7!
You barely miss the orc. You peck the orc.
The orc is lightly wounded.
You feel sick.
The orc wizard casts a spell.
The orc wizard flickers and vanishes!
Deactivating autopickup; reactivate with Ctrl-A.
An orc comes into view.
It is wielding a +0 falchion and quivering silver boomerangs.
You hit the orc but do no damage. You peck the orc, but do no damage.
The orc is lightly wounded.
You feel sick. The orc hits you but does no damage.
The orc throws a silver boomerang.
The silver boomerang barely misses you.
You hit the orc.
The orc is almost dead.
You miss something.
You feel sick.
You hit the orc but do no damage.
The orc is almost dead.
You hit something. The orc barely misses you.
You hear some strange, mumbled words.
A puff of flame appears from out of thin air!
The puff of flame hits you!
You barely miss the orc. You claw the orc, but do no damage.
The orc is almost dead.
You hit something.
You die...

#. #S.o#
.... #...
##.. #... .
#..#####...#
#.o{@.......
#..o######.#
#...<......#
#.....######
#........
#...#.####
##.##.# #..
<# ### ##


You could see 2 orcs.

Vanquished Creatures
  A water moccasin (D:4)
  A scorpion (D:4)
  3 orc priests (D:3)
  2 orc wizards (D:3)
  3 worms
  A dart slug (D:3)
  25 orcs
  5 bats
  4 endoplasms
  7 goblins
  12 hobgoblins
  9 jackals
  A quokka (D:2)
  7 ball pythons
  4 frilled lizards
  7 kobolds
  6 rats
98 creatures vanquished.

Notes
Turn   | Place    | Note
-------+----------+-------------------------------------------
     0 | D:1      | qw the Tengu Warper began the quest for the Orb.
     0 | D:1      | Reached XP level 1. HP: 12/12 MP: 4/4
     0 | D:1      | 0 ||| qw: Version: 0.1-a-89-g26bdef1
     0 | D:1      | 0 ||| qw: Game counter: 517
     0 | D:1      | 0 ||| qw: Always use a shield: true
     0 | D:1      | 0 ||| qw: God list: Okawaru
     0 | D:1      | 0 ||| qw: Allow faded altars: false
     0 | D:1      | 0 ||| qw: Do Orc after D:15 true
     0 | D:1      | 0 ||| qw: Do second Lair branch before Depths: true
     0 | D:1      | 0 ||| qw: Lair rune preference: random
     0 | D:1      | 0 ||| qw: Plans: Normal
     0 | D:1      | 0 ||| PLANNING D:1-11
    93 | D:1      | 93 ||| Stepping ~*~*~tactically~*~*~ (stealth).
   102 | D:1      | 102 ||| Stepping ~*~*~tactically~*~*~ (stealth).
   195 | D:1      | 195 ||| Stepping ~*~*~tactically~*~*~ (stealth).
   198 | D:1      | 198 ||| Stepping ~*~*~tactically~*~*~ (stealth).
   199 | D:1      | 199 ||| Stepping ~*~*~tactically~*~*~ (stealth).
   214 | D:1      | Reached skill level 3 in Axes
   214 | D:1      | Reached XP level 2. HP: 15/17 MP: 6/6
   772 | D:1      | 772 ||| Stepping ~*~*~tactically~*~*~ (stealth).
   774 | D:1      | 774 ||| Stepping ~*~*~tactically~*~*~ (stealth).
   780 | D:1      | 780 ||| Stepping ~*~*~tactically~*~*~ (stealth).
   785 | D:1      | 785 ||| Stepping ~*~*~tactically~*~*~ (stealth).
   789 | D:1      | Reached XP level 3. HP: 17/21 MP: 7/7
  1352 | D:1      | 1352 ||| UPGRADING to +0 ring mail.
  1362 | D:1      | 1362 ||| DROPPING +0 leather armour.
  1363 | D:1      | 1363 ||| READING scroll labelled BUZUIC YDALOA.
  1364 | D:1      | 1364 ||| DRINKING 2 clear potions.
  1365 | D:1      | 1365 ||| DRINKING 2 fuming grey potions.
  1366 | D:1      | 1366 ||| DRINKING 2 ruby potions.
  1367 | D:1      | 1367 ||| DROPPING scroll of blinking.
  1368 | D:1      | 1368 ||| DROPPING potion of degeneration.
  1433 | D:2      | 1433 ||| STAIRDANCE
  1436 | D:1      | Reached skill level 4 in Axes
  1454 | D:2      | 1454 ||| STAIRDANCE
  1795 | D:2      | 1795 ||| Stepping ~*~*~tactically~*~*~ (stealth).
  1803 | D:2      | 1803 ||| FLEEEEING.
  1804 | D:2      | 1804 ||| FLEEEEING.
  1806 | D:2      | 1806 ||| FLEEEEING.
  1807 | D:2      | 1807 ||| FLEEEEING.
  1810 | D:2      | 1810 ||| FLEEEEING.
  1811 | D:2      | 1811 ||| FLEEEEING.
  1815 | D:2      | 1815 ||| STAIRDANCE
  1934 | D:1      | 1934 ||| READING scroll labelled XUOHER NOL TIRGH.
  1941 | D:2      | 1941 ||| STAIRDANCE
  2291 | D:2      | Reached XP level 4. HP: 26/26 MP: 8/8
  2299 | D:2      | 2299 ||| Stepping ~*~*~tactically~*~*~ (stealth).
  2301 | D:2      | 2301 ||| Stepping ~*~*~tactically~*~*~ (stealth).
  2305 | D:2      | 2305 ||| Stepping ~*~*~tactically~*~*~ (stealth).
  2316 | D:2      | 2316 ||| DROPPING +0 whip.
  2498 | D:2      | 2498 ||| READING scroll labelled YPUUKK HOYCH.
  2527 | D:3      | 2527 ||| Stepping ~*~*~tactically~*~*~ (stealth).
  2533 | D:3      | 2533 ||| Stepping ~*~*~tactically~*~*~ (stealth).
  2540 | D:3      | 2540 ||| FLEEEEING.
  2541 | D:3      | 2541 ||| FLEEEEING.
  2542 | D:3      | 2542 ||| STAIRDANCE
  2662 | D:3      | 2662 ||| STAIRDANCE
  2831 | D:3      | 2831 ||| Stepping ~*~*~tactically~*~*~ (stealth).
  2832 | D:3      | 2832 ||| Stepping ~*~*~tactically~*~*~ (stealth).
  2834 | D:3      | 2834 ||| Stepping ~*~*~tactically~*~*~ (stealth).
  2835 | D:3      | 2835 ||| Stepping ~*~*~tactically~*~*~ (stealth).
  2841 | D:3      | Reached skill level 5 in Axes
  2841 | D:3      | 2841 ||| Stepping ~*~*~tactically~*~*~ (stealth).
  2853 | D:3      | HP: 6/26 [orc wizard/+0 dagger (1)]
  2854 | D:3      | 2854 ||| DRINKING potion of heal wounds.
  2856 | D:3      | Gained mutation: Your magical nature lets you fly swiftly
                  | and evasively. [Tengu growth]
  2856 | D:3      | Reached XP level 5. HP: 25/30 MP: 9/9
  2896 | D:3      | 2896 ||| FLEEEEING.
  2897 | D:3      | 2897 ||| FLEEEEING.
  2898 | D:3      | 2898 ||| FLEEEEING.
  2899 | D:3      | 2899 ||| STAIRDANCE
  3099 | D:2      | 3099 ||| READING scroll labelled SUZU VEWKATHRI.
  3138 | D:3      | 3138 ||| Stepping ~*~*~tactically~*~*~ (stealth).
  3144 | D:3      | 3144 ||| Stepping ~*~*~tactically~*~*~ (stealth).
  3149 | D:3      | Reached skill level 6 in Axes
  3153 | D:3      | 3153 ||| FLEEEEING.
  3169 | D:3      | 3169 ||| FLEEEEING.
  3172 | D:3      | 3172 ||| FLEEEEING.
  3173 | D:3      | 3173 ||| FLEEEEING.
  3174 | D:3      | 3174 ||| FLEEEEING.
  3175 | D:3      | 3175 ||| FLEEEEING.
  3194 | D:3      | 3194 ||| Stepping ~*~*~tactically~*~*~ (hiding).
  3345 | D:3      | Reached XP level 6. HP: 15/35 MP: 10/10
  3765 | D:3      | Found a faded altar of an unknown god.
  3840 | D:3      | Found the +1 Delatra's gloves {ID++}
  3841 | D:3      | 3841 ||| Stepping ~*~*~tactically~*~*~ (hiding).
  3860 | D:3      | HP: 8/35 [orc/+0 hand axe (2)]
  3863 | D:3      | Reached skill level 7 in Axes
  4119 | D:3      | 4119 ||| DROPPING +0 whip of electrocution.
  4274 | D:3      | 4274 ||| DROPPING +0 leather armour of fire resistance.
  4275 | D:3      | 4275 ||| UPGRADING to +0 chain mail.
  4285 | D:3      | 4285 ||| DROPPING +0 scale mail.
  4286 | D:3      | 4286 ||| DROPPING +0 ring mail.
  4287 | D:3      | 4287 ||| UPGRADING to +1 Delatra's gloves {ID++}.
  4292 | D:3      | 4292 ||| READING scroll labelled MOCEUPHEYTH.
  4293 | D:3      | 4293 ||| READING scroll labelled ABES XIUMAOPA.
  4297 | D:3      | 4297 ||| DRINKING 2 gluggy blue potions.
  4298 | D:3      | 4298 ||| DRINKING 2 coppery potions.
  4299 | D:3      | 4299 ||| DRINKING 2 grey potions.
  4299 | D:3      | Gained mutation: You expend magic power (3 MP) to
                  | strengthen your wands. [potion of mutation]
  4299 | D:3      | Gained mutation: You possess an exceptional clarity of
                  | mind. [potion of mutation]
  4299 | D:3      | Gained mutation: You are agile. (Dex +4, Str/Int -1)
                  | [potion of mutation]
  4299 | D:3      | Gained mutation: You are partially covered in large bone
                  | plates. (SH +4) [potion of mutation]
  4300 | D:3      | 4300 ||| DROPPING potion of brilliance.
  4316 | D:4      | 4316 ||| Stepping ~*~*~tactically~*~*~ (stealth).
  4321 | D:4      | Noticed a water moccasin
  4322 | D:4      | 4322 ||| Stepping ~*~*~tactically~*~*~ (stealth).
  4340 | D:4      | Killed a water moccasin
  4341 | D:4      | Reached skill level 3 in Fighting
  4341 | D:4      | Reached XP level 7. HP: 14/41 MP: 11/11
  4344 | D:4      | HP: 1/41 [something/puff of flame (11)]
  4345 | D:4      | Succumbed to a water moccasin's poison

Levels and vault maps discovered:
D:1:      minmay_arrival_stair_chambers, layout_basic
D:2:      layout_loops_ring
D:3:      layout_rooms, dilly_ecumenical_altar_fadedgnrine,
          pf_guarded_unrand_delatra
D:4:      layout_basic, minmay_temple_entry_grid, serial_bayou,
          serial_bayou_crossing, serial_bayou_pond_b, serial_bayou_pond_d,
          serial_bayou_lagoon_a, uniq_eustachio

Skill      XL: |  1  2  3  4  5  6 |
---------------+-------------------+-----
Axes           | 3 4 5 6 7 |  7.0
Armour         | 2 |  2.3
Fighting       | 3 |  3.4
Throwing       | |  1.0
Dodging        | |  2.1
Spellcasting   | |  2.0
Translocations | |  2.4

Action                   |  1- 3 |  4- 6 |  7- 9 || total
-------------------------+-------+-------+-------++-------
Melee: Hand axe          |   105 |   124 |     5 ||   234
       Peck              |    15 |    23 |     2 ||    40
       Kick              |    17 |    30 |     1 ||    48
       Punch             |     1 |     2 |       ||     3
Throw: Boomerang         |     7 |    12 |       ||    19
       Javelin           |     3 |    24 |       ||    27
  Use: Potion            |     3 |     4 |       ||     7
       Scroll            |     2 |     4 |       ||     6
 Stab: Distracted        |     1 |       |       ||     1
Armor: Leather armour    |    14 |       |       ||    14
       Ring mail         |    16 |    38 |       ||    54
       Chain mail        |       |     5 |     1 ||     6
Dodge: Dodged            |    40 |    66 |     2 ||   108
Block: Other             |       |     3 |       ||     3

Table legend:
 A = Non-vault XP
 B = Vault XP
 C = Vault XP percentage of total XP
 D = Non-vault monster count
 E = Vault monster count
 F = Vault count percentage of total count
                 A         B        C        D         E       F
            +---------+---------+-------+---------+---------+-------
      Total |     579 |      51 |   8.1 |      92 |       6 |   6.1
            +---------+---------+-------+---------+---------+-------
        D:1 |      48 |       0 |   0.0 |      29 |       0 |   0.0
        D:2 |      41 |       0 |   0.0 |      22 |       0 |   0.0
        D:3 |     247 |      51 |  17.1 |      38 |       6 |  13.6
        D:4 |     243 |       0 |   0.0 |       3 |       0 |   0.0
            +---------+---------+-------+---------+---------+-------
